[Event "Titled Tuesday Blitz April 11 Early 2023"]
[White "Rios Escobar, Adan"]
[Black "slidingknight2775"]
[WhiteFideId "3403645"]
[WhiteElo "2458"]
[BlackElo "2567"]
[Result "1-0"]
[Round "11"]
[TimeControl "180+2"]
[Date "2023.04.11"]
[WhiteClock "0:00:08"]
[BlackClock "0:00:20"]

1. d4 Nf6 2. g3 d5 3. Nf3 e6 4. Bg2 Be7 5. c4 O-O 6. O-O dxc4 7. Qc2 b5 8. a4 b4 9. Nfd2 c6 10. Nxc4 Qxd4 11. Rd1 Qc5 12. Be3 Qh5 13. h3 Ba6 14. Nbd2 Nd5 15. Nf3 Bxc4 16. Qxc4 Nxe3 17. fxe3 Bf6 18. Nd4 Qh6 19. Rd3 a5 20. Rad1 Ra7 21. Kh2 Rd7 22. Nxc6 Nxc6 23. Qxc6 Rxd3 24. Rxd3 Bxb2 25. Qc5 Bc3 26. Qxa5 g6 27. Qb5 Rc8 28. a5 Qf8 29. a6 Rb8 30. Bb7 Kg7 31. a7 Re8 32. Qxe8 Qxe8 33. a8=Q Qe7 34. Bf3 Qf6 35. Qb7 h5 36. h4 Qe5 37. Qe4 Qf6 38. Qf4 Qe7 39. Bc6 Bf6 40. Rd7 Qc5 41. Ba4 Qc2 42. Qf3 b3 43. Bxb3 Qxb3 44. Qb7 Qxb7 45. Rxb7 Be5 46. Kg2 Bf6 47. Kf3 Be5 48. e4 Bf6 49. Kf4 Bd8 50. e5 Ba5 51. e4 Bd2+ 52. Kf3 Be1 53. Rb5 Bc3 54. Rc5 Bd4 55. Rb5 Bc3 56. g4 hxg4+ 57. Kxg4 Be1 58. Rc5 Bd2 59. Rc4 Be3 60. Rc2 Bd4 61. Kf4 Ba1 62. Rd2 Bc3 63. Ra2 Be1 64. Kg4 Bc3 65. Kf4 Be1 66. Rh2 Ba5 67. Rh3 Bd8 68. Kg4 Be7 69. h5 gxh5+ 70. Rxh5 Bc5 71. Rg5+ Kf8 72. Kh5 Ke7 73. Kh6 Bd4 74. Kg7 f6 75. Rh5 fxe5 76. Kg6 Kd6 77. Kf6 Be3 78. Rh7 Bf4 79. Re7 Kc5 80. Rxe6 Kd4 81. Kf5 Bh2 82. Rd6+ Ke3 83. Rd5 Bg3 84. Rxe5 Kd4 85. Rd5+ Kc4 86. Rd1 Bb8 87. e5 Kc5 88. e6 Bd6 89. Kf6 Bg3 90. Kf7 Bh4 91. e7 Bxe7 92. Kxe7 Kc4 93. Ke6 Kc3 94. Ke5 Kc2 95. Rd8 Kc3 96. Ke4 Kc2 97. Ke3 Kc3 98. Rc8+ Kb4 99. Kd4 Kb5 100. Rc1 Kb6 101. Kd5 Kb7 102. Kd6 Kb6 103. Rb1+ Ka5 104. Kc5 Ka4 105. Rb8 Ka3 106. Kc4 Ka2 107. Kc3 Ka1 108. Kc2 Ka2 109. Ra8# 1-0


[Site "https://www.chess.com"]

[Event "Titled Tuesday Blitz April 11 Early 2023"]
[White "Gontcharov, Vladislav"]
[Black "Sowul, Bartosz"]
[WhiteFideId "4123492"]
[BlackFideId "1137590"]
[WhiteElo "2420"]
[BlackElo "2188"]
[Result "1-0"]
[Round "11"]
[TimeControl "180+2"]
[Date "2023.04.11"]
[WhiteClock "0:01:12"]
[BlackClock "0:00:12"]

1. d4 Nf6 2. c4 c5 3. d5 b5 4. cxb5 a6 5. b6 e6 6. Nc3 Nxd5 7. Nxd5 exd5 8. Qxd5 Nc6 9. e4 Be7 10. Bc4 O-O 11. Nf3 Rb8 12. O-O Rxb6 13. e5 Na5 14. Be2 Bb7 15. Qd2 Re6 16. Rd1 d5 17. exd6 Rxd6 18. Qe1 Rxd1 19. Bxd1 Bf6 20. Bc2 Re8 21. Qf1 Bxf3 22. gxf3 Qd5 23. Be4 Qc4 24. Be3 Qxf1+ 25. Rxf1 c4 26. Bd2 Bd8 27. Bc3 g6 28. Rd1 Bb6 29. Rd7 Rd8 30. Rxd8+ Bxd8 31. Kf1 Kf8 32. Ke2 Ke7 33. Bd5 f6 34. f4 Kd6 35. Bg8 h6 36. Kf3 Nc6 37. Bf7 g5 38. Bxc4 a5 39. Ke4 Ne7 40. fxg5 hxg5 41. Bxf6 1-0


[Site "https://www.chess.com"]

[Event "Titled Tuesday Blitz April 11 Early 2023"]
[White "Sharapov, Evgeny"]
[Black "Manukian, Artak"]
[WhiteFideId "14103133"]
[BlackFideId "13301373"]
[WhiteElo "2367"]
[BlackElo "2130"]
[Result "1/2-1/2"]
[Round "11"]
[TimeControl "180+2"]
[Date "2023.04.11"]
[WhiteClock "0:01:26"]
[BlackClock "0:00:06"]

1. c4 g6 2. Nc3 Bg7 3. g3 Nf6 4. Bg2 O-O 5. e4 e5 6. Nge2 c5 7. O-O d6 8. d3 Nc6 9. Rb1 a5 10. a3 h5 11. h4 Bg4 12. f3 Bd7 13. Nd5 Nxd5 14. cxd5 Nd4 15. Nxd4 cxd4 16. Qb3 a4 17. Qb4 Qb8 18. Bd2 Rc8 19. Rfc1 Bf8 20. Kh2 b5 21. Bh3 Qb7 22. Bxd7 Qxd7 23. Rxc8 Rxc8 24. Rc1 Rxc1 25. Bxc1 Qc8 26. Qd2 Be7 27. Qd1 Qc5 28. Bd2 Qc7 29. Qc1 Qxc1 30. Bxc1 Bd8 31. f4 f5 32. Kg2 fxe4 33. dxe4 Ba5 34. fxe5 dxe5 35. Kf3 Kf7 36. Ke2 Ke7 37. Bg5+ Kd6 38. Bh6 Kd7 39. Bg7 Kd6 40. Bf8+ Kd7 41. Bc5 Bc7 42. Bb4 Bd6 43. Bd2 Bc5 44. Kd3 Be7 45. Bh6 Bf6 46. Ke2 Be7 47. Kd3 Bf6 48. Ke2 Be7 49. Kf3 Bf6 50. Bd2 Be7 51. Be1 Bc5 52. g4 Bb6 53. gxh5 gxh5 54. Bd2 Bd8 55. Be1 Bf6 56. Ke2 Kd6 57. Kd3 Kd7 58. Kc2 Kd6 59. b3 Kd7 60. bxa4 bxa4 61. Kb2 Kd6 62. Bb4+ Kd7 63. Be1 Kd6 64. Bb4+ Kd7 65. Be1 1/2-1/2


[Site "https://www.chess.com"]

[Event "Titled Tuesday Blitz April 11 Early 2023"]
[White "Baches Garcia, Guillermo"]
[Black "Omelja, Artem"]
[WhiteFideId "2209764"]
[BlackFideId "14119846"]
[WhiteElo "2450"]
[BlackElo "2404"]
[Result "1-0"]
[Round "11"]
[TimeControl "180+2"]
[Date "2023.04.11"]
[WhiteClock "0:01:06"]
[BlackClock "0:01:26"]

1. e4 c5 2. Nf3 Nc6 3. d4 cxd4 4. Nxd4 Nf6 5. Nc3 e5 6. Ndb5 d6 7. Nd5 Nxd5 8. exd5 Nb8 9. a4 Be7 10. Be2 O-O 11. Bd2 f5 12. a5 a6 13. Na3 f4 14. Nc4 Bf5 15. Bb4 Qc7 16. b3 Nd7 17. g4 Bg6 18. h4 h6 19. g5 hxg5 20. hxg5 Nc5 21. Bh5 Bf5 22. Bg4 Bxg5 23. Bxf5 Rxf5 24. Qh5 Raf8 25. Qh7+ Kf7 26. Qxf5+ Bf6 27. Bxc5 Qxc5 28. Qe6+ Kg6 29. O-O-O 1-0


[Site "https://www.chess.com"]

[Event "Titled Tuesday Blitz April 11 Early 2023"]
[White "Melikhov, Evgeny V."]
[Black "Horak, Martin"]
[WhiteFideId "4122046"]
[BlackFideId "367095"]
[WhiteElo "2158"]
[BlackElo "2091"]
[Result "1-0"]
[Round "11"]
[TimeControl "180+2"]
[Date "2023.04.11"]
[WhiteClock "0:00:07"]
[BlackClock "0:00:13"]

1. d4 Nf6 2. c4 c5 3. d5 b5 4. cxb5 a6 5. b6 g6 6. Nc3 d6 7. a4 a5 8. e4 Nbd7 9. Bb5 Bg7 10. Nf3 O-O 11. Qe2 Nxb6 12. Bd2 Ne8 13. b3 Nc7 14. O-O Ba6 15. Ra2 Nxb5 16. axb5 Bb7 17. Na4 Nd7 18. Bc3 Bxc3 19. Nxc3 f6 20. Nd2 Qc7 21. Nc4 Ne5 22. f4 Nf7 23. Rfa1 Rfb8 24. Rxa5 Rxa5 25. Rxa5 Bc8 26. b6 Qd8 27. Ra7 Bd7 28. Qa2 f5 29. e5 dxe5 30. fxe5 Be8 31. b7 Qc7 32. Qa6 Nxe5 33. Nxe5 Qxe5 34. Qe6+ Qxe6 35. dxe6 Bc6 36. Na4 Rxb7 37. Rxb7 Bxb7 38. Nxc5 Bc6 39. Kf2 Kg7 40. b4 Kf6 41. g3 Ke5 42. Ke3 g5 43. Kd3 Bb5+ 44. Ke3 f4+ 45. gxf4+ gxf4+ 46. Kf3 Bc6+ 47. Kf2 Kd4 48. Nd7 Kd5 49. Nf8 h6 50. Kf3 Ke5+ 51. Kg4 Ke4 52. Ng6 f3 53. Kg3 Ke3 54. Ne5 f2 55. Ng4+ Ke4 56. Nxf2+ Ke5 57. Ng4+ Kxe6 58. Nxh6 Kd5 59. Ng4 Kd4 60. Kf4 Bd7 61. h4 Bxg4 62. Kxg4 e5 63. h5 e4 64. h6 e3 65. h7 e2 66. h8=Q+ 1-0


[Site "https://www.chess.com"]

[Event "Titled Tuesday Blitz April 11 Early 2023"]
[White "Karamsetty, Jeevan"]
[Black "Avazkhonov, Alikhon"]
[WhiteFideId "2025337"]
[BlackFideId "14208504"]
[WhiteElo "2111"]
[BlackElo "1739"]
[Result "1-0"]
[Round "11"]
[TimeControl "180+2"]
[Date "2023.04.11"]
[WhiteClock "0:00:53"]
[BlackClock "0:00:04"]

1. e4 c6 2. d4 d5 3. Nc3 dxe4 4. Nxe4 Nf6 5. Nxf6+ exf6 6. Nf3 Bd6 7. c3 O-O 8. Bd3 Re8+ 9. Be3 Bf4 10. O-O Bxe3 11. fxe3 Rxe3 12. Qd2 Re7 13. Nh4 Be6 14. Rxf6 Nd7 15. Rf3 Nf8 16. Raf1 Qd5 17. Rg3 Rae8 18. b3 Ng6 19. Nf3 Qd6 20. Ng5 h6 21. Ne4 Qd8 22. Nc5 Kh7 23. h4 h5 24. Qg5 Qd5 25. Bxg6+ fxg6 26. Qxg6+ Kg8 27. Ne4 Rf8 28. Nf6+ 1-0


[Site "https://www.chess.com"]

[Event "Titled Tuesday Blitz April 11 Early 2023"]
[White "Sargissyan, Sargis"]
[Black "Ljukin, Sergei"]
[WhiteFideId "13303210"]
[BlackFideId "14102200"]
[WhiteElo "2109"]
[BlackElo "2312"]
[Result "1-0"]
[Round "11"]
[TimeControl "180+2"]
[Date "2023.04.11"]
[WhiteClock "0:00:57"]
[BlackClock "0:00:45"]

1. e4 e6 2. d4 d5 3. Nc3 Bb4 4. e5 Ne7 5. a3 Bxc3+ 6. bxc3 c5 7. Qg4 Qc7 8. Bd3 Qa5 9. Bd2 c4 10. Be2 Rg8 11. h4 Nbc6 12. h5 h6 13. Rh3 Bd7 14. Rf3 Nf5 15. Qh3 Qb6 16. g4 Nfxd4 17. cxd4 Nxd4 18. Rc3 Qb2 19. Rc1 Ba4 20. Bd1 Nb5 21. Ne2 Nxc3 22. Bxc3 Qxa3 23. Ra1 Qc5 24. Rxa4 b5 25. Ra5 Qb6 26. Qe3 Kd7 27. Bb4 1-0


[Site "https://www.chess.com"]

[Event "Titled Tuesday Blitz April 11 Early 2023"]
[White "Toktomushev, Teimur"]
[Black "Goffredo_Fofi"]
[WhiteFideId "14176726"]
[WhiteElo "2116"]
[BlackElo "2518"]
[Result "0-1"]
[Round "11"]
[TimeControl "180+2"]
[Date "2023.04.11"]
[WhiteClock "0:00:01"]
[BlackClock "0:00:14"]

1. d4 Nf6 2. c4 g6 3. Nc3 Bg7 4. e4 O-O 5. f3 d6 6. Be3 c5 7. Nge2 Nc6 8. d5 Ne5 9. Ng3 h5 10. Be2 e6 11. O-O exd5 12. cxd5 a6 13. a4 Re8 14. Nh1 Nh7 15. Nf2 f5 16. Qd2 Bd7 17. Rae1 Rb8 18. exf5 gxf5 19. h3 b5 20. axb5 axb5 21. b3 b4 22. Ncd1 h4 23. Nd3 Nf7 24. Nf4 Nf8 25. Bd3 Ne5 26. Nf2 Nxd3 27. N2xd3 Ra8 28. Rf2 Bc3 29. Qc1 Bxe1 30. Qxe1 Qf6 31. Re2 Ra1 32. Nc1 Bb5 33. Rd2 Rxc1 34. Qxc1 Rxe3 35. Ra2 Qd4 36. Kh1 Rc3 0-1


[Site "https://www.chess.com"]

[Event "Titled Tuesday Blitz April 11 Early 2023"]
[White "Garv Gaur"]
[Black "Vivas Zamora, Fabian Ernesto"]
[WhiteFideId "45030839"]
[BlackFideId "3902480"]
[WhiteElo "2068"]
[BlackElo "2262"]
[Result "1-0"]
[Round "11"]
[TimeControl "180+2"]
[Date "2023.04.11"]
[WhiteClock "0:01:39"]
[BlackClock "0:00:01"]

1. Nf3 Nf6 2. b3 g6 3. Bb2 Bg7 4. g3 O-O 5. Bg2 d5 6. O-O Nc6 7. d3 Re8 8. c4 d4 9. a3 a5 10. e3 e5 11. exd4 exd4 12. Nbd2 Bf5 13. Qc2 Nd7 14. Rae1 Nc5 15. Ne4 Nxe4 16. dxe4 d3 17. Qd2 Bxe4 18. Bxg7 Kxg7 19. b4 axb4 20. axb4 Qf6 21. Ng5 Bxg2 22. Kxg2 Qd4 23. b5 Ne5 24. Re4 Qd6 25. Rfe1 h6 26. Nh3 Nxc4 27. Qc3+ Kf8 28. Qh8# 1-0


[Site "https://www.chess.com"]

[Event "Titled Tuesday Blitz April 11 Early 2023"]
[White "Forgacs, Attila Jr."]
[Black "Koridze, Lile"]
[WhiteFideId "773654"]
[BlackFideId "13612514"]
[WhiteElo "2168"]
[BlackElo "2047"]
[Result "0-1"]
[Round "11"]
[TimeControl "180+2"]
[Date "2023.04.11"]
[WhiteClock "0:00:07"]
[BlackClock "0:01:44"]

1. a3 d5 2. Nf3 Nf6 3. g3 e6 4. Bg2 Be7 5. O-O O-O 6. b4 c5 7. bxc5 Bxc5 8. Bb2 Nc6 9. d3 h6 10. Nbd2 Qe7 11. e4 dxe4 12. dxe4 Rd8 13. Qe2 e5 14. Nc4 Bg4 15. Rad1 Bd4 16. h3 Bxb2 17. Nxb2 Nd4 18. Rxd4 Rxd4 19. hxg4 Rxe4 20. Qb5 a6 21. Qb3 Rxg4 22. Nc4 e4 23. Nfe5 Rg5 24. Nb6 Re8 25. Nec4 Rb5 26. Qc3 Qc5 27. Na4 Qe7 28. Rd1 Rc8 29. Qd4 Rd5 30. Qa1 Rxd1+ 31. Qxd1 Rxc4 32. Nb6 Rc6 33. Nd5 Nxd5 34. Qxd5 Re6 35. Qc4 g6 36. a4 e3 37. fxe3 Rxe3 38. Kh2 Qe5 39. Qg4 Kg7 40. Bxb7 Re2+ 41. Bg2 Rxc2 42. Kh3 Rc3 43. Be4 h5 44. Qh4 Rc4 0-1


[Site "https://www.chess.com"]

[Event "Titled Tuesday Blitz April 11 Early 2023"]
[White "Leenhouts, Koen"]
[Black "Dwilewicz, Katarzyna"]
[WhiteFideId "1008439"]
[BlackFideId "1148486"]
[WhiteElo "2409"]
[BlackElo "2065"]
[Result "0-1"]
[Round "11"]
[TimeControl "180+2"]
[Date "2023.04.11"]
[WhiteClock "0:02:16"]
[BlackClock "0:02:06"]

1. e4 c5 2. Nf3 d6 3. c3 Nf6 4. h3 g6 5. d4 cxd4 6. cxd4 Nxe4 7. Nc3 Nxc3 8. bxc3 Bg7 9. Bc4 O-O 10. O-O Nc6 11. Re1 e5 12. Bg5 Qc7 13. Rc1 h6 14. Bh4 Bf5 15. g4 Bd7 16. Qd3 Kh7 17. Be7 Nxe7 0-1


[Site "https://www.chess.com"]

[Event "Titled Tuesday Blitz April 11 Early 2023"]
[White "Hadzimanolis, Antonios"]
[Black "KorolDimitriy75"]
[WhiteFideId "4202813"]
[WhiteElo "2242"]
[BlackElo "2371"]
[Result "0-1"]
[Round "11"]
[TimeControl "180+2"]
[Date "2023.04.11"]
[WhiteClock "0:00:08"]
[BlackClock "0:00:06"]

1. d4 Nf6 2. c4 c5 3. d5 b5 4. cxb5 a6 5. e3 axb5 6. Bxb5 Qa5+ 7. Nc3 Bb7 8. Bd2 Qb6 9. Qb3 e6 10. e4 Nxe4 11. Nxe4 Bxd5 12. Qd3 Qb7 13. f3 c4 14. Bxc4 Bxc4 15. Qxc4 d5 16. Qc2 dxe4 17. fxe4 Nc6 18. Nf3 Nb4 19. Qb3 Qxe4+ 20. Kd1 Be7 21. Re1 Qd3 22. Re3 Qf1+ 23. Ne1 Nd5 24. Rf3 Qa6 25. Rc1 O-O 26. a3 Rfb8 27. Qc2 Rd8 28. Qc6 Qa7 29. Ke2 Qg1 30. Rf1 Qxh2 31. Nf3 Qxg2+ 32. Rf2 Qg4 33. Rg1 Qe4+ 34. Kf1 Ne3+ 35. Bxe3 Qxc6 36. Bd4 Rxd4 37. Nxd4 Qc4+ 38. Ne2 Bc5 39. Rf4 Qd3 40. Rgg4 Bf8 41. Rd4 Qb1+ 42. Kf2 Qxb2 43. Rc4 Qxa3 44. Rg3 Qa7+ 45. Kg2 g6 46. Rf3 Qb7 47. Nd4 Ra2+ 48. Kg3 Qb2 49. Rc2 Qxd4 50. Rxa2 Bd6+ 51. Kg2 Qd5 52. Ra6 Kg7 53. Rxd6 Qxd6 54. Re3 Qd5+ 55. Kf2 h5 56. Rf3 Qxf3+ 57. Kxf3 Kf6 58. Kf4 g5+ 59. Ke4 Kg6 60. Kf3 f5 61. Kg2 e5 0-1


[Site "https://www.chess.com"]

[Event "Titled Tuesday Blitz April 11 Early 2023"]
[White "Vovk, Orest"]
[Black "Andrews, Todd"]
[WhiteFideId "14113490"]
[BlackFideId "2012456"]
[WhiteElo "2215"]
[BlackElo "2354"]
[Result "0-1"]
[Round "11"]
[TimeControl "180+2"]
[Date "2023.04.11"]
[WhiteClock "0:00:25"]
[BlackClock "0:01:28"]

1. h4 d5 2. h5 e5 3. h6 Nxh6 4. d4 Nc6 5. Bxh6 gxh6 6. dxe5 Bg7 7. Nf3 Nxe5 8. Nxe5 Bxe5 9. Nc3 Be6 10. Rxh6 Qg5 11. Rh1 O-O-O 12. Qd2 Qf6 13. O-O-O Qxf2 14. e3 Qg3 15. Ne2 Qg7 16. Nd4 Kb8 17. Qb4 Bxd4 18. exd4 Rd6 19. Kb1 Rb6 20. Qe7 Rc8 21. a3 c5 22. Rh4 cxd4 23. Rhxd4 Bf5 24. Bd3 Bxd3 25. R1xd3 Qxg2 26. Rd2 Qf1+ 27. Ka2 Qb5 28. b3 Rxc2+ 29. Ka1 Qxb3 30. Qe5+ Rc7 31. Qh8+ Rc8 32. Rxd5 Qb1# 0-1


[Site "https://www.chess.com"]

[Event "Titled Tuesday Blitz April 11 Early 2023"]
[White "Toncheva, Nadya"]
[Black "Ward, Ieuan C"]
[WhiteFideId "2924056"]
[BlackFideId "406627"]
[WhiteElo "2101"]
[BlackElo "2340"]
[Result "1-0"]
[Round "11"]
[TimeControl "180+2"]
[Date "2023.04.11"]
[WhiteClock "0:00:31"]
[BlackClock "0:00:01"]

1. d4 Nf6 2. c4 e6 3. Nc3 d5 4. cxd5 exd5 5. Bg5 Be7 6. e3 c6 7. Bd3 Nbd7 8. Qc2 O-O 9. Nf3 Re8 10. O-O Nf8 11. h3 g6 12. Rab1 Ne6 13. Bh4 Ng7 14. b4 a6 15. a4 Bf5 16. b5 axb5 17. axb5 Bxd3 18. Qxd3 Ra3 19. Bxf6 Bxf6 20. bxc6 bxc6 21. Ra1 Qa5 22. Rxa3 Qxa3 23. Qc2 Ne6 24. Na4 Ra8 25. Nb2 c5 26. Rd1 c4 27. Rb1 Qa2 28. Qc1 Rb8 29. Nd2 Nxd4 30. exd4 Bxd4 31. Nd1 Rxb1 32. Nxb1 Qe2 33. Ne3 Bxe3 34. fxe3 Qd3 35. Nc3 d4 36. exd4 Qxd4+ 37. Kh1 h5 38. Qc2 Qe5 39. Ne2 f5 40. Qxc4+ Kg7 41. Qd4 Kf6 42. Kg1 Qxd4+ 43. Nxd4 g5 44. Kf2 Ke5 45. Nf3+ Kf6 46. h4 gxh4 47. Nxh4 Kg5 48. Kg3 f4+ 49. Kh3 1-0


[Site "https://www.chess.com"]

[Event "Titled Tuesday Blitz April 11 Early 2023"]
[White "Minko, Dmitry"]
[Black "Dishman, Stephen"]
[WhiteFideId "24188468"]
[BlackFideId "403024"]
[WhiteElo "2147"]
[BlackElo "2204"]
[Result "1/2-1/2"]
[Round "11"]
[TimeControl "180+2"]
[Date "2023.04.11"]
[WhiteClock "0:00:15"]
[BlackClock "0:00:42"]

1. e4 c5 2. Nf3 g6 3. c4 Nc6 4. d4 cxd4 5. Nxd4 Nf6 6. Nc3 d6 7. Be2 Nxd4 8. Qxd4 Bg7 9. Be3 O-O 10. Qd2 a5 11. f3 a4 12. O-O Qa5 13. Rfc1 Be6 14. Rab1 Rfc8 15. Nb5 Qxd2 16. Bxd2 Nd7 17. Bb4 Nc5 18. Rc2 f5 19. Bxc5 Rxc5 20. Bd3 Rac8 21. b3 axb3 22. axb3 fxe4 23. Bxe4 d5 24. Bd3 dxc4 25. bxc4 Bxc4 26. Rbc1 Bxb5 27. Rxc5 Rxc5 28. Rxc5 Bxd3 29. Rc7 b5 30. Kf2 b4 31. Ke3 Bf5 32. g4 Be6 33. Rxe7 Ba2 34. Rb7 b3 35. Rb8+ Kf7 36. Rb7+ Ke6 37. Rxg7 b2 38. Rb7 b1=Q 39. Rxb1 Bxb1 40. h4 Kf6 41. Kf4 h6 42. g5+ hxg5+ 43. hxg5+ Ke6 44. Kg3 Ke5 45. f4+ Kd4 46. Kf3 Be4+ 47. Kg4 Ke3 48. f5 Bxf5+ 49. Kh4 Kf4 1/2-1/2


[Site "https://www.chess.com"]

[Event "Titled Tuesday Blitz April 11 Early 2023"]
[White "Chernov, Mikhail"]
[Black "mjelcic"]
[WhiteFideId "24143170"]
[WhiteElo "2113"]
[BlackElo "2273"]
[Result "1-0"]
[Round "11"]
[TimeControl "180+2"]
[Date "2023.04.11"]
[WhiteClock "0:00:15"]
[BlackClock "0:00:12"]

1. e4 e5 2. Nc3 Nc6 3. Bc4 Nf6 4. d3 Bc5 5. f4 O-O 6. Nf3 d6 7. f5 Nd4 8. Bg5 c6 9. a4 h6 10. Bh4 g5 11. Nxg5 d5 12. exd5 cxd5 13. Nf3 dxc4 14. Ne4 Be7 15. Nxd4 exd4 16. Bxf6 Bxf6 17. Qh5 Re8 18. O-O Kh7 19. Rf3 Qe7 20. Rh3 Bg7 21. f6 Qe5 22. Qxf7 Rg8 23. Rg3 Qxg3 24. hxg3 Bf5 25. fxg7 Bg6 26. Nf6# 1-0


[Site "https://www.chess.com"]

[Event "Titled Tuesday Blitz April 11 Early 2023"]
[White "Skvortsov, Andrei"]
[Black "morozcoma"]
[WhiteFideId "24108600"]
[WhiteElo "2259"]
[BlackElo "2295"]
[Result "0-1"]
[Round "11"]
[TimeControl "180+2"]
[Date "2023.04.11"]
[WhiteClock "0:00:52"]
[BlackClock "0:00:20"]

1. d4 d5 2. c4 dxc4 3. e4 b5 4. a4 c6 5. axb5 cxb5 6. Nc3 a6 7. Nxb5 axb5 8. Rxa8 Bb7 9. Ra1 e6 10. f3 f5 11. exf5 Nc6 12. Be3 Nge7 13. fxe6 Nf5 14. Bd2 Qh4+ 15. g3 Nxg3 16. Bg5 Bb4+ 17. Kf2 Ne4+ 18. Ke3 Qf2+ 19. Kxe4 Nxd4+ 20. Ke5 Nc6+ 21. Kf4 O-O+ 22. Kg4 Ne5+ 23. Kh3 Nxf3 24. Nxf3 Bxf3 25. e7 Bxe7 26. Qe1 Bg4+ 27. Kxg4 Qf3+ 28. Kh4 Rf4# 0-1


[Site "https://www.chess.com"]

[Event "Titled Tuesday Blitz April 11 Early 2023"]
[White "Kim, Sergey"]
[Black "Okike, David"]
[WhiteFideId "13700570"]
[BlackFideId "8500134"]
[WhiteElo "2558"]
[BlackElo "2232"]
[Result "1-0"]
[Round "11"]
[TimeControl "180+2"]
[Date "2023.04.11"]
[WhiteClock "0:00:40"]
[BlackClock "0:00:10"]

1. d4 Nf6 2. c4 e6 3. Nc3 Bb4 4. Qc2 c5 5. dxc5 Nc6 6. Nf3 h6 7. Bd2 Bxc5 8. e3 b6 9. Be2 Bb7 10. O-O Rc8 11. Rfd1 O-O 12. Be1 a6 13. a3 Be7 14. Rac1 d6 15. b4 a5 16. Qb2 Qc7 17. Nb5 Qb8 18. Bc3 Rfd8 19. Bd3 Na7 20. Nbd4 axb4 21. axb4 Nc6 22. Nxc6 Bxc6 23. Nd4 Bb7 24. Nb5 Bc6 25. Bd4 Bxb5 26. cxb5 Qb7 27. Qe2 e5 28. Bb2 Qb8 29. Rc6 d5 30. Bf5 Rxc6 31. bxc6 g6 32. Bh3 Qd6 33. b5 Ne4 34. f3 Nc5 35. Ba3 f5 36. e4 d4 37. exf5 gxf5 38. Bxf5 Bg5 39. Qc4+ Kg7 40. Bxc5 bxc5 41. Be4 Be3+ 42. Kh1 Rb8 43. Rb1 Rb6 44. Qa4 Qc7 45. Qa8 c4 46. Qe8 Bg5 47. Qg6+ Kf8 48. h4 Bd2 49. Ra1 Rb8 50. Bd5 Ke7 51. Qe6+ Kf8 52. b6 Rxb6 53. Ra8+ Rb8 54. Rxb8+ Qxb8 55. Qf7# 1-0


[Site "https://www.chess.com"]

[Event "Titled Tuesday Blitz April 11 Early 2023"]
[White "Sreyas Payyappat"]
[Black "Mrudul Dehankar"]
[WhiteFideId "46674969"]
[BlackFideId "25096990"]
[WhiteElo "2083"]
[BlackElo "2139"]
[Result "0-1"]
[Round "11"]
[TimeControl "180+2"]
[Date "2023.04.11"]
[WhiteClock "0:00:08"]
[BlackClock "0:00:38"]

1. e4 c6 2. Ne2 d5 3. exd5 cxd5 4. d4 Nc6 5. Nbc3 Nf6 6. Nf4 g6 7. Be3 Bg7 8. Qf3 O-O 9. Nfxd5 Nxd5 10. Qxd5 Nxd4 11. Bxd4 Bxd4 12. O-O-O Qxd5 13. Nxd5 Bc5 14. Bc4 Be6 15. Bb3 Rad8 16. f3 Rd7 17. Rhe1 Kg7 18. Rd3 Rfd8 19. Red1 Bf5 20. Rc3 b6 21. g4 Be6 22. Rcd3 Bxd5 23. Bxd5 e6 24. Be4 Rxd3 25. Bxd3 Kf6 26. h4 Ke5 27. Kd2 Kf4 28. Ke2 f5 29. c3 e5 30. b4 Be7 31. gxf5 gxf5 32. h5 Rg8 33. Rf1 Bh4 34. Kd1 Rg2 35. Be2 Ke3 36. Rh1 Bg3 37. Rh3 Rg1+ 38. Kc2 Kxe2 0-1


[Site "https://www.chess.com"]

[Event "Titled Tuesday Blitz April 11 Early 2023"]
[White "Balint, Vilmos"]
[Black "Shubenkova, Veronika"]
[WhiteFideId "718050"]
[BlackFideId "44124040"]
[WhiteElo "2034"]
[BlackElo "2027"]
[Result "1-0"]
[Round "11"]
[TimeControl "180+2"]
[Date "2023.04.11"]
[WhiteClock "0:00:41"]
[BlackClock "0:00:03"]

1. e4 e6 2. d4 d5 3. Nc3 Nf6 4. e5 Nfd7 5. Nf3 c5 6. Bb5 cxd4 7. Ne2 Nc6 8. O-O Qb6 9. Nexd4 Bc5 10. Bxc6 bxc6 11. Nb3 Ba6 12. Nxc5 Nxc5 13. Re1 Ne4 14. Be3 Qxb2 15. Nd4 Qb7 16. Rb1 Qd7 17. Qg4 g6 18. f3 Nc3 19. Rb3 Nb5 20. Nxb5 Bxb5 21. Bc5 a5 22. a4 Bc4 23. Rb6 h5 24. Qg5 Qd8 25. Qd2 Rc8 26. Qxa5 d4 27. Qb4 Qd5 28. Rb7 Rd8 29. Re7+ Kf8 30. Rd7+ Kg7 31. Rxd5 Bxd5 32. Be7 Rb8 33. Bf6+ Kh7 34. Qxd4 Rhc8 35. Qa7 Kg8 36. Qe3 Kh7 37. Ra1 c5 38. a5 Rb4 39. a6 Rd4 40. a7 Ba8 41. h4 Rc7 42. Kh2 Rcd7 43. Qa3 Rc4 44. Qa6 Rxc2 45. Qa4 Rdd2 46. Rg1 Bxf3 47. Qe8 Rxg2+ 48. Rxg2 Rxg2+ 49. Kh3 g5 50. Qxf7+ Kh6 51. Qg7# 1-0


[Site "https://www.chess.com"]

[Event "Titled Tuesday Blitz April 11 Early 2023"]
[White "Rom, Jasper"]
[Black "Rodriguez Santiago, Jaime"]
[WhiteFideId "2023733"]
[BlackFideId "3100898"]
[WhiteElo "2233"]
[BlackElo "2025"]
[Result "1-0"]
[Round "11"]
[TimeControl "180+2"]
[Date "2023.04.11"]
[WhiteClock "0:00:37"]
[BlackClock "0:00:18"]

1. e4 c6 2. d4 d5 3. Nd2 dxe4 4. Nxe4 Nf6 5. Nxf6+ exf6 6. c3 Bd6 7. Bd3 O-O 8. Qc2 Re8+ 9. Ne2 h5 10. Be3 h4 11. O-O Qc7 12. h3 Nd7 13. Rfe1 Nf8 14. c4 Bb4 15. Red1 Qd8 16. Be4 Bd6 17. c5 Bc7 18. d5 cxd5 19. Bxd5 Qe7 20. Nd4 Qe5 21. Nf3 Qh5 22. b4 Rb8 23. Qc4 Re7 24. Qxh4 Qxh4 25. Nxh4 Be5 26. Rac1 Bb2 27. Rb1 Be5 28. Nf3 Bc7 29. Nd4 Ng6 30. Nb5 Be5 31. Nxa7 Bf5 32. Rbc1 Ra8 33. c6 bxc6 34. Nxc6 Ree8 35. Nxe5 Nxe5 36. Bxa8 Rxa8 37. Rd2 Nd3 38. Rc4 Ra3 39. b5 Ne5 40. Rb4 1-0


[Site "https://www.chess.com"]

[Event "Titled Tuesday Blitz April 11 Early 2023"]
[White "micke12a"]
[Black "Mouhamad, Joachim"]
[BlackFideId "656410"]
[WhiteElo "2317"]
[BlackElo "2125"]
[Result "0-1"]
[Round "11"]
[TimeControl "180+2"]
[Date "2023.04.11"]
[WhiteClock "0:00:05"]
[BlackClock "0:00:04"]

1. d4 d5 2. Nc3 Nf6 3. Bf4 c5 4. e4 Nxe4 5. Nxe4 dxe4 6. dxc5 Qa5+ 7. c3 Qxc5 8. Qa4+ Bd7 9. Qxe4 Nc6 10. Bd3 e5 11. Be3 Qe7 12. Qf3 g6 13. g4 Bg7 14. O-O-O O-O 15. g5 Rac8 16. Kb1 Rfe8 17. Be4 Nd4 18. Ne2 Nxf3 19. Bxf3 Bf5+ 20. Ka1 Bc2 21. Rd2 e4 22. Bg4 Bd3 23. Bxc8 Rxc8 24. Nf4 b5 25. Nxd3 exd3 26. Rxd3 b4 27. cxb4 Qxb4 28. Rb3 Qe4 29. Rd1 a5 30. a3 a4 31. Rb4 Qc2 32. Rd2 Qc1+ 33. Ka2 Qh1 34. h4 h5 35. gxh6 Bf6 36. Rxa4 Rc1 37. Rf4 Ra1+ 38. Kb3 Qb7+ 39. Rb4 Qe7 40. Rb8+ Kh7 41. Rb4 Qe6+ 42. Ka4 Rh1 43. Rb5 Rxh4+ 44. b4 Qe4 45. Rbd5 Rh5 46. R5d3 Qa8+ 47. Kb3 Rb5 48. a4 Rb8 49. b5 g5 50. Rd7 Kxh6 51. Rxf7 Kg6 52. Rfd7 Qe4 53. R7d3 Qe6+ 54. Rd5 Rc8 55. Ka3 Qe4 56. R5d3 Qc4 57. Rb3 Qc1+ 58. Kb4 Qa1 59. Rbb2 Ra8 60. Rd6 Qxa4+ 61. Kc5 Rc8+ 62. Kd5 Qa8+ 63. Ke6 Re8+ 64. Kd7 Qc8# 0-1


[Site "https://www.chess.com"]